 Dungeon Crawl Stone Soup version 0.23.2 (webtiles) character file.

Game seed: 2897652880582937473

1231 cklessthan3 the Slinger (level 8, -4/54 HPs)
             Began as a Halfling Hunter on Apr 8, 2019.
             Was a Believer of Uskayaw.
             Shot with an arrow by a centaur (11 damage)
             ... on level 6 of the Dungeon.
             The game lasted 00:13:02 (5506 turns).

cklessthan3 the Slinger (Halfling Hunter)           Turns: 5506, Time: 00:13:03

Health: -4/54      AC:  6    Str: 15    XL:     8   Next: 77%
Magic:  8/8        EV: 21    Int:  9    God:    Uskayaw [**....]
Gold:   302        SH:  0    Dex: 20    Spells: 7/7 levels left

rFire    . . .     SeeInvis .   a - +1 hunting sling
rCold    . . .     Gourm    .   (shield restricted)
rNeg     . . .     Faith    .   c - +0 leather armour
rPois    .         Spirit   .   u - +1 helmet
rElec    .         Reflect  .   (no cloak)
rCorr    .         Harm     .   x - +0 pair of gloves
MR       .....                  (no boots)
Stlth    +++.......             (no amulet)
HPRegen  0.18/turn              (no ring)
MPRegen  0.11/turn              (no ring)

@: agile
A: small, mutation resistance 1
a: Stomp, Line Pass, Renounce Religion


You were on level 6 of the Dungeon.
You worshipped Uskayaw.
Uskayaw was noncommittal.
You were not hungry.

You visited 1 branch of the dungeon, and saw 6 of its levels.

You collected 302 gold pieces.

Inventory:

Hand Weapons
 a - a +1 hunting sling (weapon)
 b - a +0 short sword
Missiles
 h - 74 stones (quivered)
Armour
 c - a +0 leather armour (worn)
 o - a +0 shield
 u - a +1 helmet (worn)
 x - a +0 pair of gloves (worn)
Jewellery
 B - an uncursed ring of fire
Wands
 v - a wand of acid (5)
 y - a wand of random effects (19)
 A - a wand of digging (6)
Scrolls
 g - 3 scrolls of immolation
 j - a scroll of acquirement {unknown}
 l - 2 scrolls of teleportation
 p - 2 scrolls of remove curse
 r - 2 scrolls of fear {unknown}
 t - a scroll of blinking
Potions
 e - 3 potions of degeneration
 i - 4 potions of curing
 k - a potion of agility
 m - 2 potions of lignification {unknown}
 n - 2 potions of mutation {unknown}
 s - a potion of brilliance {unknown}
 w - a potion of might {unknown}
 z - a potion of flight {unknown}
Comestibles
 f - 5 rations


   Skills:
 + Level 4.4 Fighting
 + Level 12.0 Slings
 + Level 2.3 Armour
 + Level 3.3 Dodging
 + Level 1.6 Stealth
 * Level 2.4 Shields
 + Level 0.1 Evocations


You had 7 spell levels left.
You didn't know any spells.
Your spell library contained the following spells:

 Spells                   Type           Power        Failure   Level  Hunger
 Beastly Appendage        Tmut           #.....       45%         1    ##.....
 Sticks to Snakes         Tmut           #.......     58%         2    ###....
 Spider Form              Tmut/Pois      #.........   83%         3    ####...
 Ice Form                 Ice/Tmut       #.......     99%         4    #####..
 Blade Hands              Tmut           #.........   100%        5    ######.


Dungeon Overview and Level Annotations

Branches:
Dungeon (6/15)             Temple (0/1) D:5

Altars:
Ashenzari
Dithmenos
Nemelex Xobeh
Okawaru
Trog
Uskayaw
Xom
Yredelemnul
The Shining One


Innate Abilities, Weirdness & Mutations

You are small and have problems with some larger weapons.
You are somewhat resistant to further mutation.


Message History

The centaur shoots an arrow.
The arrow hits you!
Firing (i - inventory)
h - 76 stones (quivered)
Press: ? - help, Shift-Dir - straight line, f/p - centaur
Aim: a centaur, wielding a +0 shortbow (almost dead)
You shoot a stone. The stone closely misses the centaur.
The centaur shoots an arrow.
The arrow hits you!
* * * LOW HITPOINT WARNING * * *
You are too injured to fight recklessly!
You are too injured to fight recklessly!
You are too injured to fight recklessly!
Firing (i - inventory)
h - 75 stones (quivered)
Press: ? - help, Shift-Dir - straight line, f/p - centaur
Aim: a centaur, wielding a +0 shortbow (almost dead)
You shoot a stone. The stone barely misses the centaur.
The centaur shoots an arrow.
The arrow hits you.
* * * LOW HITPOINT WARNING * * *
It was a potion of agility.
You feel agile all of a sudden.
The centaur shoots an arrow.
The arrow hits you!
You die...

#....###.#..####.#
###.....#..# .#
8........#..# .#
..8.........# .#
####.....#..####.###
#.................#
#.)....#..####.##.#
).............(....##
..............@.....#
######..#..####)##....
....#..# .# #
......... .( ........#
c## ........# o#
...... .# ((


You could see a centaur and an orc priest.

Vanquished Creatures
  A hippogriff (D:5)
  A water moccasin (D:5)
  An ice beast (D:5)
  A phantom (D:4)
  The ghost of dscm the Gusty, an amateur OpAE (D:4)
  A scorpion (D:4)
  A crimson imp (D:5)
  A hound (D:4)
  2 bullfrog skeletons
  2 orc priests
  4 orc wizards
  A gnoll shaman (D:4)
  An iguana (D:5)
  A hound skeleton (D:5)
  A worker ant zombie (D:5)
  5 gnolls (D:4)
  10 adders
  An ooze (D:1)
  2 worms
  3 dart slugs
  A leopard gecko (D:3)
  17 orcs
  10 bats
  2 giant cockroaches
  10 goblins
  2 hobgoblins
  15 jackals
  A quokka (D:5)
  A ball python (D:3)
  6 frilled lizards
  2 gnoll zombies (D:3)
  5 kobolds
  4 rats
117 creatures vanquished.

Vanquished Creatures (others)
  A jackal (D:4)
1 creature vanquished.

Grand Total: 118 creatures vanquished

Notes
Turn   | Place    | Note
-------+----------+-------------------------------------------
     0 | D:1      | cklessthan3 the Halfling Hunter began the quest for the
                  | Orb.
     0 | D:1      | Reached XP level 1. HP: 14/14 MP: 1/1
     8 | D:1      | Reached skill level 6 in Slings
    30 | D:1      | Reached XP level 2. HP: 19/19 MP: 2/2
   228 | D:1      | Reached XP level 3. HP: 24/24 MP: 3/3
   390 | D:1      | Reached skill level 7 in Slings
   775 | D:2      | Reached XP level 4. HP: 24/29 MP: 4/4
   940 | D:2      | Reached skill level 8 in Slings
  1698 | D:3      | Reached XP level 5. HP: 18/35 MP: 5/5
  1958 | D:3      | Found a hide-covered altar of Uskayaw.
  1994 | D:3      | Became a worshipper of Uskayaw the Reveler
  2017 | D:3      | Reached * piety under Uskayaw
  2376 | D:3      | Reached ** piety under Uskayaw
  2451 | D:3      | Found a shattered altar of Ashenzari.
  2559 | D:3      | Found a shadowy altar of Dithmenos.
  2878 | D:3      | Found a basalt altar of Yredelemnul.
  3041 | D:4      | Reached *** piety under Uskayaw
  3044 | D:4      | Reached skill level 9 in Slings
  3044 | D:4      | Reached XP level 6. HP: 37/41 MP: 6/6
  3049 | D:4      | Reached **** piety under Uskayaw
  3060 | D:4      | Reached ***** piety under Uskayaw
  3122 | D:4      | Found a shimmering altar of Xom.
  3234 | D:4      | Reached skill level 1 in Armour
  3245 | D:4      | Reached XP level 7. HP: 14/46 MP: 7/7
  3460 | D:4      | Found a glowing golden altar of the Shining One.
  3574 | D:4      | Reached skill level 10 in Slings
  3696 | D:4      | Found an iron altar of Okawaru.
  3696 | D:4      | Found a bloodstained altar of Trog.
  3946 | D:4      | Found a runed translucent door.
  3946 | D:4      | Noticed dscm's ghost (amateur OpAE)
  4416 | D:4      | Killed dscm's ghost
  4451 | D:5      | Entered Level 5 of the Dungeon
  4577 | D:5      | Noticed a hippogriff
  4592 | D:5      | Killed a hippogriff
  4592 | D:5      | Reached skill level 11 in Slings
  4592 | D:5      | Reached skill level 1 in Shields
  4592 | D:5      | Reached XP level 8. HP: 22/54 MP: 8/8
  4959 | D:5      | Found a sparkling altar of Nemelex Xobeh.
  4998 | D:5      | Found a staircase to the Ecumenical Temple.
  5198 | D:5      | Reached skill level 12 in Slings
  5506 | D:6      | Shot with an arrow by a centaur

Skill      XL: |  1  2  3  4  5  6  7  8 |
---------------+-------------------------+-----
Slings         | 6 7 8 9 11 12 | 12.0
Fighting       | 2 3 4 |  4.4
Armour         | 1 2 |  2.3
Dodging        | 3 |  3.3
Shields        | 1 2 |  2.4
Stealth        | |  1.6
Evocations     | |  0.1

Action                   |  1- 3 |  4- 6 |  7- 9 || total
-------------------------+-------+-------+-------++-------
Melee: Hunting sling     |       |     1 |       ||     1
 Fire: Hunting sling     |    68 |   226 |   222 ||   516
Evoke: Wand              |       |     2 |       ||     2
  Use: Scroll            |       |       |    10 ||    10
       Potion            |       |       |     1 ||     1
  Eat: Ration            |       |     2 |     2 ||     4
Armor: Leather armour    |     5 |    12 |     9 ||    26
Dodge: Dodged            |    13 |    35 |    46 ||    94
Block: Shield            |     4 |    19 |    15 ||    38
